 Dungeon Crawl Stone Soup version 0.32-a0-675-gdc239d62e1 (webtiles) character file.

Game seed: 15093915000473769088

77 mopl the Insei (level 4, -1/29 HPs)
             Began as an Octopode Shapeshifter on Mar 11, 2024.
             Slain by an orc wizard
             ... wielding a +0 dagger
              (4 damage)
             ... on level 2 of the Dungeon.
             The game lasted 00:01:18 (1683 turns).

mopl the Insei (Octopode Shapeshifter)              Turns: 1683, Time: 00:01:19

Health: -1/29      AC:  1    Str: 13    XL:     4   Next: 34%
Magic:  4/4        EV: 13    Int: 12    God:
Gold:   122        SH:  0    Dex: 13    Spells: 3/3 levels left

rFire   . .          .
                       - Unarmed
rCold   . . .        (no shield)
rNeg    . . .        (helmet currently unavailable)
rPois   .            (no amulet)
rElec   .            (no ring)
rCorr   .            (no ring)
SInv    .            (no ring)
Will    .....        (no ring)
Stlth   ++           (no ring)
HPRegen 0.24/turn    (no ring)
MPRegen 0.09/turn    (no ring)
                     (no ring)

%: no passive effects
@: confused, beast-form
A: beast (slay +2), almost no armour, amphibious, 8 rings, camouflage 1,
gelatinous body 1, (nimble swimmer 1), tentacles
a: Begin Untransformation


You were on level 2 of the Dungeon.
You were a hulking beast.
You visited 1 branch of the dungeon, and saw 3 of its levels.

You collected 122 gold pieces.

Inventory:

Missiles
 g - 5 curare-tipped darts (quivered)
 l - 6 boomerangs
Talismans
 b - a beast talisman (active)
 c - a flux talisman
Scrolls
 d - a scroll of revelation {unknown}
 e - 5 scrolls of identify {unknown}
 m - a scroll of poison {unknown}
Potions
 a - a potion of lignification {!q}
 f - a potion of ambrosia {unknown}
 h - 3 potions of berserk rage {unknown}
 i - a potion of curing {unknown}
 j - 2 potions of heal wounds {unknown}
 k - a potion of brilliance {unknown}


   Skills:
 + Level 1.7 Fighting
 + Level 2.4 Dodging
 * Level 3.7 Unarmed Combat
 * Level 3.7 Shapeshifting


You had 3 spell levels left.
You didn't know any spells.
Your spell library was empty.

Dungeon Overview and Level Annotations

Branches:
Dungeon (3/15)

Altars:


Innate Abilities, Weirdness & Mutations

You are a hulking beast.
Your limbs bulge with bestial killing power. (Slay +2)
You cannot wear most types of armour.
You are amphibious.
You can wear up to eight rings at the same time.
Your skin changes colour to match your surroundings (Stealth+).
Your rubbery body absorbs attacks. (AC +1, EV +1)
((You are camouflaged when in or above water. (Stealth+)))
You have tentacles for arms and can constrict up to eight enemies at once.


Message History

The orc wizard attacks as it pursues you!
The orc wizard hits you with a +0 dagger.
The orc wizard mumbles some strange words.
The orc wizard flickers and vanishes!
Deactivating autopickup; reactivate with Ctrl-A.
There is a stone staircase leading up here.
You climb upwards.
Reactivating autopickup.
There is a stone staircase leading down here.
You start resting.
HP restored.
You climb downwards.
There is a stone staircase leading up here.
You hear some strange, mumbled words.
A magic dart appears from out of thin air!
Deactivating autopickup; reactivate with Ctrl-A.
The magic dart hits you! The endoplasm freezes you.
You are frozen.
You climb upwards.
Reactivating autopickup.
There is a stone staircase leading down here.
You tentacle-slap the endoplasm. You squeeze the endoplasm.
You kill the endoplasm!
Something hits you.
Deactivating autopickup; reactivate with Ctrl-A.
Unknown command.
You closely miss something. Something hits you.
You miss something.
You hear some strange, mumbled words.
You are confused.
You completely miss something. You squeeze something! Something hits you.
You completely miss something. Something hits you.
You bump into the rock wall.
You hear some strange, mumbled words.
A magic dart appears from out of thin air!
The magic dart hits you!
* * * LOW HITPOINT WARNING * * *
You bump into the rock wall.
Something hits you.
You die...

#..........# #####.##....
#..........# #.....##....
#..........####.######....
#..........#....######.[..
#.......†....####.........
##########.### #......###
##.# #......# #{÷#
#......# #h## ######## #.#
#.## #..# #..# ##########
#..######.........
#....#............
#.................
#####.............


There were no monsters in sight!

Vanquished Creatures
  4 adders
  3 dart slugs (D:2)
  An orc (D:3)
  5 endoplasms (D:2)
  A giant cockroach (D:1)
  2 goblins
  7 hobgoblins
  A quokka (D:1)
  3 ball pythons
  A frilled lizard (D:1)
  A kobold (D:2)
  4 rats
33 creatures vanquished.

Notes
Turn   | Place    | Note
-------+----------+-------------------------------------------
     0 | D:1      | mopl the Octopode Shapeshifter began the quest for the Orb.
     0 | D:1      | Reached XP level 1. HP: 13/13 MP: 1/1
   181 | D:1      | Reached XP level 2. HP: 18/18 MP: 2/2
  1156 | D:2      | Reached XP level 3. HP: 11/23 MP: 3/3
  1488 | D:2      | Reached XP level 4. HP: 26/28 MP: 4/4
  1683 | D:2      | Slain by an orc wizard

Illustrated notes

Levels and vault maps discovered:
D:1:      wheals_arrival_linesprint, layout_loops_corners
D:2:      layout_basic, minmay_pentomino_v2
D:3:      layout_basic, grunt_temple_overflow_magic_moments,
          basic_ecumenical_altar, minmay_ogre_servants

Action                     |  1- 3 |  4- 6 || total
---------------------------+-------+-------++-------
  Melee: Unarmed           |    50 |    12 ||    62
         Tentacles         |    13 |     4 ||    17
         Constrict         |    16 |     3 ||    19
   Stab: Sleeping          |     7 |       ||     7
 Armour: Skin              |    12 |     9 ||    21
  Dodge: Dodged            |    32 |     4 ||    36

Table legend: (Time is in decaauts)
 A = Elapsed time spent in this place.
 B = Non-inter-level travel time spent in this place.
 C = Inter-level travel time spent in this place.
 D = Time resting spent in this place.
 E = Time spent auto-exploring this place.
 F = Levels seen in this place.
 G = Mean time per level.
                   A        B        C        D        E       F      G
               +--------+--------+--------+--------+--------+-----+--------+
         Total |   1680 |   1584 |     96 |     53 |   1296 |   3 |  560.0 |
       Dungeon |   1680 |   1584 |     96 |     53 |   1296 |   3 |  560.0 |
               +--------+--------+--------+--------+--------+-----+--------+

Top non-repeatable levels by time:
     D:1: 945 daAuts
     D:2: 673 daAuts
     D:3: 61 daAuts
